 Dungeon Crawl Stone Soup version 0.30.1-11-g7821555f0a (webtiles) character file.

Game seed: 1581256147855872251

776 pkoi the Ruffian (level 7, -8/57 HPs)
             Began as a Green Draconian Monk on Nov 6, 2023.
             Was a Believer of Ru.
             Splashed by a jelly's acid (9 damage)
             ... on level 4 of the Dungeon.
             The game lasted 00:10:34 (5437 turns).

pkoi the Ruffian (Green Draconian Monk)             Turns: 5437, Time: 00:10:34

Health: -8/57      AC:  3    Str: 14    XL:     7   Next: 54%
Magic:  11/11      EV: 13    Int: 12    God:    Ru [**....]
Gold:   224        SH:  0    Dex: 19    Spells: 9/11 levels left

rFire   . .          .
                       - Unarmed
rCold   + . .        b - orb {light}
rNeg    + . .        (body armour unavailable)
rPois   +            (helmet restricted)
rElec   .            (no cloak)
rCorr   .            (no gloves)
SInv    .            v - +1 pair of boots
Will    .....        (no amulet)
Stlth   +            e - ring of positive energy
HPRegen 0.29/turn    t - +6 ring of dexterity
MPRegen 0.12/turn

%: no passive effects
@: short of breath, glowing
A: breathe noxious fumes, AC +6, unfitting armour, poison resistance,
cold-blooded, reduced AC 1, unskilled 1, cold resistance 1
a: Breathe Noxious Fumes, Renounce Religion


You were on level 4 of the Dungeon.
You worshipped Ru.
Ru was pleased with you.
You visited 2 branches of the dungeon, and saw 6 of its levels.
You also visited: Sewer.

You collected 334 gold pieces.
You spent 110 gold pieces at shops.

Inventory:

Hand Weapons
 d - a +2 dagger of flaming
 w - a +0 rapier
Armour
 b - an orb of light (worn)
 v - a +1 pair of boots (worn)
Jewellery
 e - a ring of positive energy (left hand)
 t - a +6 ring of dexterity (right hand)
Scrolls
 f - 2 scrolls of magic mapping
 j - a scroll of enchant weapon
 l - 3 scrolls of poison
 n - a scroll of fog
 r - 3 scrolls of teleportation
 s - 2 scrolls of blinking
Potions
 a - a potion of ambrosia
 c - 3 potions of cancellation
 g - 3 potions of heal wounds
 h - 3 potions of might
 m - a potion of haste
 p - 4 potions of curing
 q - 2 potions of mutation
 u - 3 potions of resistance
 z - 2 potions of magic


   Skills:
 - Level 3.0 Fighting
 - Level 2.4 Dodging
 + Level 5.8 Unarmed Combat
 + Level 2.9 Spellcasting
 - Level 3.0 Air Magic
 + Level 3.5 Poison Magic


You had 9 spell levels left.
You knew the following spells:

 Your Spells              Type           Power      Damage    Failure   Level
a - Poisonous Vapours     Pois/Air       18%        N/A       10%         2

Your spell library contained the following spells:

 Spells                   Type           Power      Damage    Failure   Level
 Mephitic Cloud           Conj/Pois/Air  6%         N/A       30%         3
 Inner Flame              Hex/Fire       1%         N/A       58%         3
 Flame Wave               Conj/Fire      1%         2d4       94%         4
 Sticky Flame             Conj/Fire      1%         2d3       94%         4
 Freezing Cloud           Conj/Ice/Air   2%         6-21      99%         5
 Malign Gateway           Summ/Tloc      0%         N/A       100%        7
 Summon Horrible Things   Summ           0%         N/A       100%        8


Dungeon Overview and Level Annotations

Branches:
Dungeon (5/15)             Temple (1/1) D:4           Sewer (visited)

Altars:
Ashenzari
Cheibriados
Dithmenos
Gozag
Hepliaklqana
Nemelex Xobeh
Okawaru
Qazlal
Ru
Trog
Uskayaw
Vehumet
Xom
Zin

Shops:
D:3 *(((


Innate Abilities, Weirdness & Mutations

You can breathe blasts of noxious fumes.
Your lurid green scales are hard. (AC +6)
You cannot fit into any form of body armour.
Your system is resistant to poisons. (rPois)
You are cold-blooded and may be slowed by cold attacks.
You take slightly more damage. (AC -5)
You are somewhat unskilled. (-1 Apt)
Your flesh is cold resistant. (rC+)


Message History

The gnoll shouts!
You hear a shout!
You redirect the gnoll's attack!
The gnoll throws a throwing net.
The throwing net completely misses the jelly.
There is a stone staircase leading up here.
The gnoll misses you. The jelly misses you.
The gnoll hits you with a +0 halberd!
There is a stone staircase leading up, spattered with blood here.
The jelly barely misses you. The gnoll hits you with a +0 halberd.
You climb upwards.
There is a stone staircase leading down here.
Unknown command.
Unknown command.
The jelly attacks as you move away! The jelly hits you.
You are splashed with acid!
The gnoll hits you with a +0 halberd! The gnoll attacks as you move away!
The gnoll hits you with a +0 halberd.
* * * LOW HITPOINT WARNING * * *
The gnoll hits you from afar with a +0 halberd!
* * * LOW HITPOINT WARNING * * *
Aiming: Breathe Noxious Fumes (5% risk of failure)
Press: ? - help, Shift-Dir - straight line, f - gnoll
Aim: a gnoll, wielding a +0 halberd (haloed, 79% to hit)
You exhale a blast of noxious fumes.
The blast of choking fumes hits the jelly.
The jelly completely resists.
The blast of choking fumes hits the gnoll.
The gnoll is moderately wounded.
The jelly hits you but does no damage.
The gnoll is engulfed in noxious fumes.
The gnoll appears confused.
The gnoll hits the jelly with a +0 halberd!
The gnoll is burned by acid!
The gnoll hits itself with a +0 halberd!
The gnoll is killed!
You punch the jelly!
Your hands burn!
* * * LOW HITPOINT WARNING * * *
The jelly is almost dead.
The jelly hits you.
* * * LOW HITPOINT WARNING * * *
You are splashed with acid!
You die...

#..# #.####.#..#..#.#..###.#
#..# #.#....#..#..#.#....#.#
#..# #.#....#..#..#.#....#.#
#..####.#...P♣.....#.######.#
#.......##.~~..##.##........#
..#########~~P.##.#..÷#######
#.# #~~.....#.#.#
#.#########..♣#####...#
#.........○○○☼○J@..####
#.##########.#####.# #.#####
#.#####'###### #.....#
#.....[......#
(.###.######.........##.#
##...................##)#####
#.##.######.##########.....#
##.##.######.############.###
...##.....................#


You could see a jelly.

Vanquished Creatures
  Sigmund (D:3)
  An ogre (D:5)
  4 killer bees (D:4)
  A jelly (D:4)
  Terence (D:1)
  A sleepcap (D:5)
  A hell rat (Sewer)
  3 gnolls (D:4)
  10 adders
  4 river rats
  A shadow imp (D:5)
  A white imp (D:5)
  4 worms
  3 dart slugs
  4 orcs (D:4)
  6 endoplasms
  2 giant cockroaches (D:2)
  5 goblins
  8 hobgoblins
  3 jackals (D:3)
  7 kobolds
  3 quokkas
  3 ball pythons
  2 bats
  2 frilled lizards
  12 rats
93 creatures vanquished.

Notes
Turn   | Place    | Note
-------+----------+-------------------------------------------
     0 | D:1      | pkoi the Draconian Monk began the quest for the Orb.
     0 | D:1      | Reached XP level 1. HP: 19/19 MP: 1/1
   345 | D:1      | Reached XP level 2. HP: 24/26 MP: 2/2
   408 | D:1      | You fall into a shaft and drop 1 floor!
  1011 | D:2      | Reached skill level 4 in Unarmed Combat
  1075 | D:2      | Reached XP level 3. HP: 31/31 MP: 3/3
  1244 | D:2      | Noticed Terence
  1266 | D:1      | Killed Terence
  1267 | D:1      | Reached skill level 5 in Unarmed Combat
  1267 | D:1      | Reached XP level 4. HP: 29/38 MP: 4/4
  1412 | D:2      | Learned a level 2 spell: Poisonous Vapours
  1609 | D:3      | Found Kibletuo's Antique Weapon Emporium.
  1646 | D:3      | Found a faded altar of an unknown god.
  1676 | D:3      | Found Foc Qyh's Antique Weapon Shop.
  1760 | D:3      | Noticed Sigmund
  1790 | D:3      | Found a sacrificial altar of Ru.
  1807 | D:3      | Became a worshipper of Ru the Awakened
  1819 | D:3      | Gained mutation: You are somewhat unskilled. (-1 Apt) [Ru
                  | sacrifice]
  1819 | D:3      | Reduced skill Unarmed Combat to level 4
  1819 | D:3      | Reached * piety under Ru
  2103 | D:3      | Found Tapsecw's General Store.
  2111 | D:3      | Bought a potion of degeneration for 10 gold pieces
  2111 | D:3      | Bought 2 potions of heal wounds for 100 gold pieces
  2711 | D:4      | Found a staircase to the Ecumenical Temple.
  2726 | Temple   | Entered the Ecumenical Temple
  3022 | D:4      | Reached XP level 5. HP: 45/45 MP: 6/6
  3118 | D:4      | Noticed an ogre
  3458 | D:4      | Reached skill level 1 in Poison Magic
  3485 | D:4      | Reached skill level 1 in Air Magic
  3780 | D:3      | Reached skill level 1 in Spellcasting
  3843 | D:3      | Killed Sigmund
  3844 | D:3      | Reached skill level 5 in Unarmed Combat
  3844 | D:3      | Reached XP level 6. HP: 43/51 MP: 5/8
  3866 | D:3      | Found Azikhlew's Antique Weapon Boutique.
  4132 | D:5      | Entered Level 5 of the Dungeon
  4316 | D:5      | Found a glowing drain.
  4324 | Sewer    | Entered a sewer
  4595 | D:4      | Your scales start taking on a lurid green colour.
  4595 | D:4      | Reached XP level 7. HP: 15/57 MP: 10/10
  4595 | D:4      | Gained mutation: Your system is resistant to poisons.
                  | (rPois) [Green Draconian growth]
  5053 | D:5      | Gained mutation: You are vulnerable to heat. (rF-) [potion
                  | of mutation]
  5053 | D:5      | Lost mutation: You are vulnerable to heat. (rF-) [potion of
                  | mutation]
  5053 | D:5      | Gained mutation: Your flesh is cold resistant. (rC+)
                  | [potion of mutation]
  5193 | D:4      | Gained mutation: You take slightly more damage. (AC -5) [Ru
                  | sacrifice]
  5193 | D:4      | Reached ** piety under Ru
  5437 | D:4      | HP: 1/57 [jelly (3)]
  5437 | D:4      | Splashed by a jelly's acid

Illustrated notes

Levels and vault maps discovered:
D:1:      heliophobic_arrival_ceremonial_halls, layout_loops_corners,
          nrook_mini_backslash, chequers_serial_rivers_micro_a
D:2:      layout_rooms, minmay_misc_feat_tiny, uniq_terence
D:3:      layout_basic, amcnicky_altar_gilded, serial_shops,
          nicolae_shop_statue_plus, shop, shop,
          nicolae_shop_competitors_out_of_business,
          shapermc_ecumenical_altar_gd, uniq_sigmund
D:4:      layout_basic, minmay_temple_entry_gardened_gates,
          kennysheep_crisscross, serial_bayou_pond_e, grunt_ministairs_5,
          minmay_pentangle
D:5:      layout_cave_pools, lightli_sewer_entry_pipes, st_stairs_3
Temple:   nicolae_temple_bog_church

Skill      XL: |  1  2  3  4  5  6  7 |
---------------+----------------------+-----
Unarmed Combat | 4 5 4 5 |  5.8
Poison Magic   | 1 3 |  3.5
Air Magic      | 1 2 3 |  3.0
Spellcasting   | 1 2 |  2.9
Fighting       | |  3.0
Dodging        | |  2.4

Action                     |  1- 3 |  4- 6 |  7- 9 || total
---------------------------+-------+-------+-------++-------
  Melee: Unarmed           |    90 |   235 |    52 ||   377
         Tailslap          |    15 |    36 |    16 ||    67
  Throw: Throwing net      |     1 |       |       ||     1
   Cast: Poisonous Vapours |       |     1 |       ||     1
 Invoke: Sacrifice Skill   |       |     1 |       ||     1
         Sacrifice Health  |       |       |     1 ||     1
Ability: Breathe Noxious F |       |       |     4 ||     4
    Use: Scroll            |       |    10 |     4 ||    14
         Potion            |       |     2 |     1 ||     3
   Stab: Held in net/web   |     1 |       |       ||     1
         Confused          |       |       |     3 ||     3
 Armour: Skin              |    21 |    53 |    11 ||    85
  Dodge: Dodged            |    46 |   138 |    45 ||   229
